 Dungeon Crawl Stone Soup version bcrawl-1.28 (webtiles) character file.

Game seed: 2995117408774865274

101643 LostNumber the Sneak (level 4, 0/39 HPs)
             Began as a Naga Archaeologist on Nov 19, 2020.
             Was an Initiate of Okawaru.
             Slain by an orc wizard
             ... wielding a +0 dagger
              (3 damage)
             ... on level 3 of the Dungeon.
             The game lasted 00:09:02 (3043 turns).

LostNumber the Sneak (Naga Archaeologist)           Turns: 3043, Time: 00:09:02

Health: 0/39       AC:  4    Str: 15    XL:     4   Next: 81%
Magic:  4/4        EV:  7    Int: 19    God:    Okawaru [......]
Gold:   78         SH: 11    Dex: 14    Spells: 3/3 levels left

rFire    . . .     SeeInvis +   m - +0 hand axe (curse)
rCold    . . .     Gourm    .   q - +0 large shield
rNeg     . . .     Faith    .   b - +1 robe
rPois    +         Spirit   .   c - +1 hat
rElec    .         Reflect  .   (no cloak)
rCorr    .         Harm     .   (no gloves)
MR       .....                  (no barding)
Stlth    ++++......             (no amulet)
HPRegen  0.13/turn              (no ring)
MPRegen  0.09/turn              (no ring)

@: brilliant, agile, swift, flying
A: large, see invisible, deformed body, poison resistance, slowness 2, slow
metabolism 1, spit poison 1, AC +1
a: Spit Poison, Renounce Religion


You were on level 3 of the Dungeon.
You worshipped Okawaru.
Okawaru was noncommittal.
You were very hungry.

You visited 1 branch of the dungeon, and saw 3 of its levels.

You collected 78 gold pieces.

Inventory:

Hand Weapons
 a - a +0 whip
 k - a +0 short sword
   (You took it off a kobold on level 1 of the Dungeon)
 m - a cursed +0 hand axe (weapon)
   (You found it on level 1 of the Dungeon)
 p - a +0 hand axe
   (You found it on level 2 of the Dungeon)
Armour
 b - a +1 robe (worn)
 c - a +1 hat (worn)
 d - a +1 robe
 o - a +0 scale mail
   (You found it on level 1 of the Dungeon)
 q - a +0 large shield (worn)
   (You found it on level 2 of the Dungeon)
Jewellery
 l - a +6 ring of intelligence {unknown}
   (You found it on level 1 of the Dungeon)
 u - an uncursed ring of protection from cold {unknown}
   (You found it on level 3 of the Dungeon)
 v - an uncursed ring of positive energy {unknown}
   (You found it on level 3 of the Dungeon)
Scrolls
 g - 2 scrolls of magic mapping
 i - 2 scrolls of identify {@r1}
 n - a scroll of blinking {unknown}
 r - a scroll of fog {unknown}
Miscellaneous
 f - a dusty tome
Comestibles
 e - 6 rations {!d!d}


   Skills:
 + Level 2.1 Fighting
 * Level 2.2(2.3) Axes
 - Level 1.0(1.7) Maces & Flails
 - Level 2.8 Dodging
 + Level 5.9 Stealth
 + Level 0.6 Shields


You had 3 spell levels left.
You didn't know any spells.
Your spell library was empty.

Dungeon Overview and Level Annotations

Branches:
Dungeon (3/12)

Altars:
Hepliaklqana
Kikubaaqudgha
Okawaru
Vehumet


Innate Abilities, Weirdness & Mutations

You cannot wear boots.
Your serpentine skin is tough. (AC +1)
You have supernaturally acute eyesight. (SInv)
Armour fits poorly on your strangely shaped body.
Your system is resistant to poisons. (rPois)
You cover ground very slowly.
You have a slow metabolism.
You can spit poison.


Message History

Unknown command.
Your shield prevents you from hitting the orc wizard.
The orc wizard hits you with a +0 dagger. x2
The orc priest mumbles some strange prayers to Beogh against you.
Beogh smites you!
* * * LOW HITPOINT WARNING * * *
It was a potion of flight.
You feel very buoyant.
You fly up into the air.
The orc wizard hits you but does no damage.
The orc priest mumbles some strange prayers to Beogh against you.
The orc wizard writhes in agony!
It was a potion of brilliance.
You feel clever all of a sudden.
The orc wizard hits you but does no damage.
Unknown command.
It was a potion of agility.
You feel agile all of a sudden.
The orc wizard hits you but does no damage.
Unknown command.
Unknown command.
You bump into the rock wall.
You feel less confused. You block the orc wizard's attack.
Aim: an orc wizard, wielding a +0 dagger and wearing a +0 robe (almost dead, slightly transparent)
You fail to use your ability.
The orc wizard hits you with a +0 dagger.
* * * LOW HITPOINT WARNING * * *
You closely miss the orc wizard.
The orc wizard gestures at you while chanting.
You resist with some effort. You block the orc wizard's attack.
You hit the orc wizard but do no damage.
The orc priest invokes the aid of Beogh against you.
Beogh smites you!
* * * LOW HITPOINT WARNING * * *
The orc wizard hits you but does no damage.
You hit the orc wizard but do no damage.
You block the orc wizard's attack.
You aren't carrying any potions.
Unknown command.
Unknown command.
You are feeling very hungry.
You barely miss the orc wizard.
The orc priest mumbles some strange prayers to Beogh against you.
The orc wizard struggles to resist.
You block the orc wizard's attack. The orc wizard casts a spell at you.
You resist with some effort.
Your shield prevents you from hitting the orc wizard.
The orc wizard hits you with a +0 dagger.
You die...

..oo############
#..###...######
.##o##....o...#
#......... .
#.##.######.##
#..#####.
.##.##.#
#)##.##........
.......#
#.##.....#####.
.#######
#o##.###.# #.##
#.# #.######.#
#ooo@....#
##########


You could see an orc priest, an orc wizard (invisible) and an orc.

Vanquished Creatures
  A gnoll (D:2)
  An adder (D:3)
  A shadow imp (D:3)
  An ooze (D:2)
  2 worms (D:2)
  2 leopard geckos
  2 orcs (D:3)
  5 bats
  2 giant cockroaches
  5 goblins
  5 hobgoblins
  9 jackals (D:2)
  11 kobolds
  2 quokkas
  2 frilled lizards
  9 rats
60 creatures vanquished.

Notes
Turn   | Place    | Note
-------+----------+-------------------------------------------
     0 | D:1      | LostNumber the Naga Archaeologist began the quest for the
                  | Orb.
     0 | D:1      | Reached XP level 1. HP: 18/18 MP: 1/1
    74 | D:1      | Reached skill level 5 in Stealth
   235 | D:1      | Reached XP level 2. HP: 25/25 MP: 2/2
   385 | D:1      | Found an iron altar of Okawaru.
   412 | D:1      | Became a worshipper of Warmaster Okawaru
  1038 | D:2      | Reached XP level 3. HP: 22/32 MP: 3/3
  1129 | D:2      | Reached skill level 1 in Axes
  1587 | D:2      | Reached XP level 4. HP: 12/39 MP: 4/4
  2436 | D:2      | Found a hazy altar of Hepliaklqana.
  2684 | D:3      | Found a radiant altar of Vehumet.
  2684 | D:3      | Found an ancient bone altar of Kikubaaqudgha.
  2689 | D:3      | Found an iron altar of Okawaru.
  2695 | D:3      | Found a faded altar of an unknown god.
  2696 | D:3      | Found a faded altar of an unknown god.
  3043 | D:3      | Slain by an orc wizard

Skill      XL: |  1  2  3  4 |
---------------+-------------+-----
Stealth        | 5 |  5.9
Axes           | 1 2 |  2.2
Fighting       | 2 |  2.1
Maces & Flails | |  1.0
Dodging        | |  2.8
Shields        | |  0.6

Action                   |  1- 3 |  4- 6 || total
-------------------------+-------+-------++-------
Melee: Whip              |    12 |       ||    12
       Hand axe          |   123 |    74 ||   197
       Short sword       |    18 |       ||    18
 Abil: Spit Poison       |    26 |     8 ||    34
  Use: Scroll            |     2 |       ||     2
       Potion            |       |     4 ||     4
 Stab: Sleeping          |     8 |     4 ||    12
  Eat: Chunk             |     7 |     6 ||    13
Armor: Robe              |    72 |    34 ||   106
Dodge: Dodged            |    92 |     3 ||    95
Block: Large shield      |    14 |    46 ||    60
